 Dungeon Crawl Stone Soup version 0.28.0-43-g3370ac3207 (webtiles) character file.

Game seed: 12798854368946626364

680 Ablot the Grasshopper (level 7, -3/52 (56) HPs)
             Began as a Gnoll Warper on Mar 21, 2022.
             Slain by Pikel
             ... wielding a +1 whip of electrocution
              (14 damage)
             ... on level 6 of the Dungeon.
             The game lasted 00:06:33 (5714 turns).

Ablot the Grasshopper (Gnoll Warper)                Turns: 5714, Time: 00:06:33

HP:   -3/52 (56)    AC:  3    Str: 12    XL:     7   Next: 60%
MP:   15/15         EV: 12    Int: 12    God:
Gold: 237           SH:  0    Dex:  7    Spells: 15/17 levels left

rFire   . . .      SeeInvis .   s - +9 mace "Molaofya" {vorpal, rN++ Dex-5}
rCold   + . .      Faith    .   (no shield)
rNeg    + + .      Spirit   .   b - +0 leather armour
rPois   .          Reflect  .   (no helmet)
rElec   .          Harm     .   (no cloak)
rCorr   +          Rampage  .   (no gloves)
Will    .....                   (no boots)
Stlth   +.........              l - amulet of magic regeneration
HPRegen 0.17/turn               g - ring of resist corrosion
MPRegen 0.54/turn               w - ring of protection from cold

@: drained
A: fangs 1, strong nose, distributed training
a: no special abilities


You were on level 6 of the Dungeon.
You visited 1 branch of the dungeon, and saw 6 of its levels.

You collected 270 gold pieces.
You spent 33 gold pieces at shops.

Inventory:

Hand Weapons
 a - a +0 trident of pain
 s - the +9 mace "Molaofya" (weapon) {vorpal, rN++ Dex-5}
   (You found it on level 2 of the Dungeon)

   It inflicts extra damage upon your enemies.
   Dex:       It affects your dexterity (-5).
   rN:        It greatly protects you from negative energy.
 y - a +2 vorpal war axe
Missiles
 d - 5 boomerangs of dispersal
 e - 212 stones
 m - 56 arrows
 q - 53 sling bullets
 t - 2 javelins (quivered)
 x - 2 boomerangs
Armour
 b - a +0 leather armour (worn)
 f - a +0 crystal plate armour
Magical Staves
 p - a staff of cold
Jewellery
 g - a ring of resist corrosion (left hand)
 l - an amulet of magic regeneration (around neck)
 w - a ring of protection from cold (right hand)
 A - a ring of ice
Wands
 n - a wand of flame (23)
Scrolls
 c - a scroll of blinking
 h - 2 scrolls of vulnerability {unknown}
 i - 2 scrolls of teleportation {unknown}
 j - a scroll of enchant armour {unknown}
 k - a scroll of identify {unknown}
 o - a scroll of brand weapon {unknown}
 r - 2 scrolls of immolation {unknown}
 u - a scroll of enchant weapon {unknown}
 z - 2 scrolls of fog {unknown}
Potions
 v - a potion of attraction {unknown}
 B - 2 potions of ambrosia
 C - a potion of lignification {unknown}
 E - a potion of brilliance {unknown}


   Skills:
 + Level 5.3 Fighting
 + Level 2.6 Short Blades
 + Level 2.6 Long Blades
 + Level 2.6 Axes
 + Level 2.6 Maces & Flails
 + Level 5.3 Polearms
 + Level 2.6 Staves
 + Level 2.6 Slings
 + Level 2.6 Bows
 + Level 2.6 Crossbows
 + Level 3.7 Throwing
 + Level 3.7 Armour
 + Level 5.3 Dodging
 + Level 2.6 Stealth
 + Level 2.6 Shields
 + Level 2.6 Unarmed Combat
 + Level 5.6 Spellcasting
 + Level 2.1 Conjurations
 + Level 2.1 Hexes
 + Level 2.1 Summonings
 + Level 2.1 Necromancy
 + Level 5.9 Translocations
 + Level 2.1 Transmutations
 + Level 2.1 Fire Magic
 + Level 2.1 Ice Magic
 + Level 2.1 Air Magic
 + Level 2.1 Earth Magic
 + Level 2.1 Poison Magic
 + Level 2.9 Invocations
 + Level 2.6 Evocations


You had 15 spell levels left.
You knew the following spells:

 Your Spells              Type           Power      Damage    Failure   Level
a - Blink                 Tloc           34%        N/A       3%          2

Your spell library contained the following spells:

 Spells                   Type           Power      Damage    Failure   Level
 Gell's Gravitas          Tloc           17%        N/A       6%          3
 Lesser Beckoning         Tloc           17%        N/A       6%          3
 Teleport Other           Tloc           17%        N/A       6%          3
 Shock                    Conj/Air       32%        1d5       10%         1
 Swiftness                Air            8%         N/A       30%         3
 Manifold Assault         Tloc           17%        N/A       52%         5
 Airstrike                Air            4%         N/A       69%         4


Dungeon Overview and Level Annotations

Branches:
Dungeon (6/15)
 Temple: D:4-7

Altars:
Ashenzari
Fedhas
Gozag
Hepliaklqana
Qazlal
Trog
Uskayaw
Xom

Shops:
D:2 !

Annotations:
D:2 1 runed translucent door, exclusion: door, Crazy Yiuf
D:6 Pikel


Innate Abilities, Weirdness & Mutations

You have very sharp teeth.
Your uncanny sense of smell can sniff out nearby items.
Your experience applies equally to all skills.


Message History

The javelin pierces through Pikel but does no damage.
Pikel is heavily wounded.
The javelin pierces through the howler monkey zombie!
You destroy the howler monkey zombie!
The necrophage hits you but does no damage.
Unknown command.
You hit the necrophage.
The necrophage is severely damaged.
The necrophage hits you.
* * * LOW HITPOINT WARNING * * *
You partially resist.
You feel drained. The necrophage hits you.
* * * LOW HITPOINT WARNING * * *
You partially resist.
You feel drained.
It was a potion of ambrosia.
You are confused.
You feel invigorated. The necrophage hits you.
* * * LOW HITPOINT WARNING * * *
Unknown command.
You closely miss the necrophage.
The necrophage is severely damaged.
The necrophage hits you.
* * * LOW HITPOINT WARNING * * *
You bump into the rock wall.
The necrophage barely misses you.
You hit the necrophage.
The necrophage is almost destroyed.
The necrophage hits you!
* * * LOW HITPOINT WARNING * * *
You partially resist.
You feel drained.
You bump into the rock wall.
The necrophage closely misses you.
You bump into the rock wall.
You feel less invigorated.
You feel less confused. The necrophage hits you.
You closely miss the necrophage.
The necrophage is almost destroyed.
The necrophage closely misses you. The necrophage hits you.
* * * LOW HITPOINT WARNING * * *
You thump the necrophage!
You destroy the necrophage!
Pikel hits you with a +1 whip of electrocution!
You die...

#...............#.
#.#.....(.........
#..#...............
#. #.......<.(.(...
# ##.............#.
..............#.#
.###.###........
... #K#........ ##.
#@#.#...... #.
#...#.#..!...
.....##.#......
..###.> .. ..# ...
...# ....


You could see Pikel (strong).

Vanquished Creatures
  2 necrophages
  A phantom (D:3)
  3 scorpions
  A centaur skeleton (D:4)
  2 hounds (D:5)
  2 iguanas
  An orc wizard (D:3)
  A hound skeleton (D:4)
  A howler monkey zombie (D:6)
  7 adders
  An ufetubus (D:5)
  3 dart slugs
  10 orcs
  7 ball pythons
  10 endoplasms
  5 giant cockroaches
  8 goblins
  6 quokkas
  7 bats
  2 frilled lizards (D:1)
  5 kobolds
  3 rats
88 creatures vanquished.

Vanquished Creatures (others)
  4 fungi (D:5)
4 creatures vanquished.

Grand Total: 92 creatures vanquished

Notes
Turn   | Place    | Note
-------+----------+-------------------------------------------
     0 | D:1      | Ablot the Gnoll Warper began the quest for the Orb.
     0 | D:1      | Reached XP level 1. HP: 20/20 MP: 6/6
   241 | D:1      | Reached XP level 2. HP: 21/26 MP: 7/7
  1053 | D:2      | Reached skill level 5 in Spellcasting
  1053 | D:2      | Reached XP level 3. HP: 27/31 MP: 7/9
  1058 | D:2      | Learned a level 2 spell: Blink
  1258 | D:2      | Found Idixe's Distillery.
  1287 | D:2      | Reached skill level 1 in Invocations
  1578 | D:2      | Bought a potion of curing for 33 gold pieces
  1685 | D:2      | Found a faded altar of an unknown god.
  1874 | D:2      | Found a runed translucent door.
  1875 | D:2      | Identified the +9 mace "Molaofya" {vorpal, rN++ Dex-5}
  1875 | D:2      | Noticed Crazy Yiuf
  2230 | D:3      | Reached skill level 1 in Short Blades
  2230 | D:3      | Reached skill level 1 in Long Blades
  2230 | D:3      | Reached skill level 1 in Axes
  2230 | D:3      | Reached skill level 1 in Maces & Flails
  2230 | D:3      | Reached skill level 1 in Staves
  2230 | D:3      | Reached skill level 1 in Slings
  2230 | D:3      | Reached skill level 1 in Bows
  2230 | D:3      | Reached skill level 1 in Crossbows
  2230 | D:3      | Reached skill level 1 in Stealth
  2230 | D:3      | Reached skill level 1 in Shields
  2230 | D:3      | Reached skill level 1 in Unarmed Combat
  2230 | D:3      | Reached skill level 1 in Evocations
  2260 | D:2      | Reached XP level 4. HP: 8/38 MP: 11/11
  2701 | D:3      | Reached skill level 1 in Conjurations
  2701 | D:3      | Reached skill level 1 in Hexes
  2701 | D:3      | Reached skill level 1 in Summonings
  2701 | D:3      | Reached skill level 1 in Necromancy
  2701 | D:3      | Reached skill level 1 in Transmutations
  2701 | D:3      | Reached skill level 1 in Fire Magic
  2701 | D:3      | Reached skill level 1 in Ice Magic
  2701 | D:3      | Reached skill level 1 in Air Magic
  2701 | D:3      | Reached skill level 1 in Earth Magic
  2701 | D:3      | Reached skill level 1 in Poison Magic
  2959 | D:3      | Noticed a phantom
  2965 | D:3      | Killed a phantom
  2966 | D:3      | Reached XP level 5. HP: 31/43 MP: 12/12
  3463 | D:3      | Reached XP level 6. HP: 4/50 MP: 14/14
  3727 | D:4      | Reached skill level 5 in Fighting
  3727 | D:4      | Reached skill level 5 in Polearms
  3727 | D:4      | Reached skill level 5 in Dodging
  4134 | D:4      | Found a hazy altar of Hepliaklqana.
  4478 | D:5      | Entered Level 5 of the Dungeon
  4813 | D:5      | Reached XP level 7. HP: 45/56 MP: 15/15
  5508 | D:5      | Found a hide-covered altar of Uskayaw.
  5515 | D:5      | Found a blossoming altar of Fedhas.
  5521 | D:5      | Found a shimmering altar of Xom.
  5528 | D:5      | Found a broken altar of Ashenzari.
  5534 | D:5      | Found a bloodstained altar of Trog.
  5542 | D:5      | Found an opulent altar of Gozag.
  5547 | D:5      | Found a stormy altar of Qazlal.
  5646 | D:5      | Noticed Pikel
  5649 | D:5      | Paralysed by Pikel for 3 turns
  5685 | D:6      | Paralysed by Pikel for 2 turns
  5714 | D:6      | Slain by Pikel

Illustrated notes

Levels and vault maps discovered:
D:1:      evilmike_arrival_home_sweet_home, layout_basic, minmay_pentomino_t4
D:2:      layout_loops_ring, chequers_ecumenical_altar_simple_redux,
          serial_bayou, serial_bayou_pond_d, serial_bayou_shore_a,
          serial_bayou_lake_a, serial_bayou_pond_e, serial_shops, shop,
          uniq_crazy_yiuf_cottage
D:3:      layout_loops_ring, palyth_stone_intersect
D:4:      layout_cave_pools, nzn_hepliaklqana_mist_gate
D:5:      kennysheep_steamy, layout_basic, grunt_temple_overflow_octagram,
          minivault_23, uniq_pikel
D:6:      kennysheep_housing_project, layout_rooms, serial_shops, shop,
          hex_medium, uniq_edmund

Skill      XL: |  1  2  3  4  5  6  7 |
---------------+----------------------+-----
Spellcasting   | 5 |  5.6
Invocations    | 1 2 |  2.9
Short Blades   | 1 2 |  2.6
Long Blades    | 1 2 |  2.6
Axes           | 1 2 |  2.6
Maces & Flails | 1 2 |  2.6
Staves         | 1 2 |  2.6
Slings         | 1 2 |  2.6
Bows           | 1 2 |  2.6
Crossbows      | 1 2 |  2.6
Stealth        | 1 2 |  2.6
Shields        | 1 2 |  2.6
Unarmed Combat | 1 2 |  2.6
Evocations     | 1 2 |  2.6
Conjurations   | 1 2 |  2.1
Hexes          | 1 2 |  2.1
Summonings     | 1 2 |  2.1
Necromancy     | 1 2 |  2.1
Transmutations | 1 2 |  2.1
Fire Magic     | 1 2 |  2.1
Ice Magic      | 1 2 |  2.1
Air Magic      | 1 2 |  2.1
Earth Magic    | 1 2 |  2.1
Poison Magic   | 1 2 |  2.1
Throwing       | 3 |  3.7
Armour         | 3 |  3.7
Fighting       | 5 |  5.3
Polearms       | 5 |  5.3
Dodging        | 5 |  5.3
Translocations | |  5.9

Action                   |  1- 3 |  4- 6 |  7- 9 || total
-------------------------+-------+-------+-------++-------
Melee: Spear             |   112 |       |       ||   112
       Bite              |     9 |     7 |     1 ||    17
       Punch             |     2 |     1 |       ||     3
       Mace              |    10 |    98 |    32 ||   140
Throw: Dart              |       |       |     3 ||     3
       Javelin           |       |       |     3 ||     3
       Boomerang         |       |       |     1 ||     1
 Cast: Blink             |     3 |       |     2 ||     5
  Use: Potion            |       |     1 |     1 ||     2
 Stab: Sleeping          |     3 |       |       ||     3
Armor: Leather armour    |    35 |    29 |     5 ||    69
Dodge: Dodged            |    47 |    74 |    16 ||   137
